 Dungeon Crawl Stone Soup version 0.14-a0-2721-g4592d88 (webtiles) character file.

929 WayneKest the Martial Artist (level 7, -11/32 HPs)
             Began as a Vine Stalker Transmuter on Feb 18, 2014.
             Was an Initiate of Dithmenos.
             Mangled by a hill giant
             ... wielding a +0,+0 giant club
              (17 damage)
             ... on Level 5 of the Dungeon.
             The game lasted 00:27:08 (3889 turns).

WayneKest the Martial Artist (VSTm)                 Turns: 3889, Time: 00:27:08

HP -11/32        AC  3     Str 12      XL: 7   Next: 96%
MP   0/23        EV 12     Int 13      God: Dithmenos [......]
Gold 105         SH  0     Dex 21      Spells:  2 memorised,  6 levels left

rFire  . . .     SeeInvis .       - Unarmed
rCold  . . .     Clarity  .     v - +0 robe
rNeg   . . .     Conserve .     (no shield)
rPois  .         rCorr    .     (no helmet)
rElec  .         rRot     +     f - +0 cloak
SustAb . .       Spirit   +     (no gloves)
rMut   .         Warding  .     (boots unavailable)
Saprov . . .     Stasis   .     t - amulet of guardian spirit
MR     .....                    o - +4 ring of dexterity
                                r - ring of magical power

@: appendage, not resistant to hostile enchantments, stealthy
A: fangs 2, talons 3, regeneration 2, spit poison 1, magic shield, antimagic
bite, no device heal
a: Spit Poison, End Transformation, Renounce Religion


You were on level 5 of the Dungeon.
You worshipped Dithmenos.
Dithmenos was noncommittal.
You were very hungry.
You had grown temporary talons.
You visited 2 branches of the dungeon, and saw 6 of its levels.

You collected 189 gold pieces.
You spent 84 gold pieces at shops.

Inventory:

Hand weapons
 k - a +4,+4 vampiric scythe
Missiles
 L - 5 javelins (quivered)
Armour
 c - a +0 robe
 f - a +0 cloak (worn)
 v - a +0 robe (worn)
Comestibles
 a - 2 bread rations
 b - 3 rotting chunks of orc flesh
 x - a beef jerky
 C - a meat ration
Scrolls
 e - a scroll of curse jewellery {unknown}
 g - 3 scrolls of random uselessness {unknown}
 h - 2 scrolls of magic mapping {unknown}
 i - 2 scrolls of remove curse
 j - 4 scrolls of identify
 m - a scroll of enchant weapon I {unknown}
 n - a scroll of blinking {unknown}
 p - a scroll of immolation {unknown}
 q - a scroll of amnesia {unknown}
 u - a scroll of enchant weapon II {unknown}
 y - 2 scrolls of curse armour {unknown}
 I - 2 scrolls of fog {unknown}
Jewellery
 l - an uncursed ring of teleport control
 o - a +4 ring of dexterity (right hand)
 r - a ring of magical power (left hand)
 t - an amulet of guardian spirit (around neck)
Potions
 s - 2 potions of agility
 w - a potion of invisibility {unknown}
 z - 2 potions of curing
 A - a potion of lignification
 B - a potion of magic
Books
 d - a book of Changes

   Spells                             Type                      Level
   *Beastly Appendage                 Transmutation                1
   Sticks to Snakes                   Transmutation                2
   *Spider Form                       Transmutation/Poison         3
   Ice Form                           Ice/Transmutation            4
   Blade Hands                        Transmutation                5


   Skills:
 - Level 0.8 Fighting
 - Level 1.5 Dodging
 - Level 3.6 Stealth
 - Level 8.1 Unarmed Combat
 - Level 2.1 Spellcasting
 + Level 3.4 Transmutations


You had 6 spell levels left.
You knew the following spells:

 Your Spells              Type           Power        Failure   Level  Hunger
a - Beastly Appendage     Trmt           ##....       8%          1    ##.....
b - Spider Form           Trmt/Pois      #.........   38%         3    ####...


Dungeon Overview and Level Annotations

Branches:
Dungeon (5/16)             Temple (1/1) D:4

Altars:
Ashenzari
Cheibriados
Dithmenos
Elyvilon
Fedhas
Kikubaaqudgha
Makhleb
Nemelex Xobeh
Okawaru
Sif Muna
Yredelemnul
Zin
The Shining One

Shops:
D:4 (**=%


Innate Abilities, Weirdness & Mutations

You have extremely sharp teeth.*
You heal very quickly.
When hurt, damage is shared between your health and your magic reserves.
Your bite disrupts and absorbs the magic of your enemies.*
Potions and wands cannot restore your HP.
You have claws for feet.*
You can spit poison.


Message History

The hill giant hits you with a giant club!
A rat comes into view.
You punch the hill giant! You bite the hill giant. You drain its power.
You feel invigorated.
The hill giant is heavily wounded.
You barely miss the hill giant. You bite the hill giant. You drain its power.
You feel invigorated.
The hill giant is heavily wounded.
The hill giant misses you.
You hit the hill giant. You claw the hill giant.
The hill giant is heavily wounded.
You punch the hill giant!
The hill giant is severely wounded.
The hill giant hits you with a giant club!
* * * LOW HITPOINT WARNING * * *
You hit the hill giant but do no damage.
The hill giant is severely wounded.
The hill giant hits you with a giant club!
Ouch! That really hurt!
You die...

#.# #.##.##.##
..####.######.##......
........<.............
..####.######.##.....% #.#
#.##...... . #.# #.##...... ...
#.# #.##....).
$###l.####.######.##.#####
5..?...rC@.........#.# # #
..#...####.####....#.# #
#.###.#...# #.# #....#.# #
#..)..#...# #.# #....#.# #
#......# #.# #....#.# # ..###
#.###..# #.# ######.#
......#......# #.# #.# #
.........#...####.#########.#####
.....###.#.............>......>..


You could see a hill giant, a giant newt (wandering) and a rat.

Vanquished Creatures
  The ghost of Vidiiot the Basher, an average OgMo of Ashenzari (D:4)
  2 ogres (D:4)
  Sigmund (D:2)
  An orc priest (D:4)
  2 worker ants (D:4)
  An orc wizard (D:4)
  A killer bee zombie (D:3)
  Jessica (D:3)
  8 adders
  2 giant mites
  An ooze (D:2)
  17 orcs
  2 ball pythons (D:3)
  8 bats
  A bat skeleton (D:4)
  9 hobgoblins
  4 jackals (D:2)
  7 kobolds
  2 quokkas
  5 giant cockroaches
  2 giant geckos (D:1)
  A giant gecko skeleton (D:4)
  2 giant newts
  11 goblins
  An orc skeleton (D:4)
  10 rats
103 creatures vanquished.

Notes
Turn   | Place    | Note
--------------------------------------------------------------
     0 | D:1      | WayneKest, the Vine Stalker Transmuter, began the quest for the Orb.
     0 | D:1      | Reached XP level 1. HP: 9/9 MP: 3/3
   121 | D:1      | Reached XP level 2. HP: 10/14 MP: 5/5
   366 | D:1      | Reached skill level 4 in Unarmed Combat
   588 | D:1      | Reached XP level 3. HP: 6/17 MP: 4/7
  1027 | D:2      | Found an iron altar of Okawaru.
  1090 | D:2      | Reached XP level 4. HP: 19/21 MP: 5/8
  1191 | D:2      | Reached skill level 5 in Unarmed Combat
  1315 | D:2      | Noticed Sigmund
  1626 | D:2      | Killed Sigmund
  1626 | D:2      | Reached XP level 5. HP: 5/25 MP: 6/11
  1883 | D:2      | Reached skill level 6 in Unarmed Combat
  1947 | D:3      | Noticed Jessica
  1958 | D:3      | Killed Jessica
  2574 | D:3      | Reached skill level 1 in Stealth
  2574 | D:3      | Gained mutation: You heal very quickly. [vine stalker growth]
  2574 | D:3      | Reached XP level 6. HP: 26/29 MP: 12/12
  2711 | D:4      | Learned a level 3 spell: Spider Form
  2730 | D:4      | Found Alad's Food Boutique.
  2804 | D:4      | Found Leco's Jewellery Emporium.
  2852 | D:4      | Noticed Vidiiot's ghost (average OgMo)
  2869 | D:4      | HP: 1/29 [Vidiiot's ghost (5)]
  2907 | D:5      | Entered Level 5 of the Dungeon
  2995 | D:4      | Found Ferug's General Store.
  3019 | D:4      | Bought 3 scrolls of identify for 84 gold pieces
  3021 | D:4      | Gained mutation: You can spit poison. [potion of beneficial mutation]
  3090 | D:4      | Found Mnatuere's General Store.
  3120 | D:4      | Found Fauntitiq's Antique Weapon Boutique.
  3134 | D:4      | Reached XP level 7. HP: 27/32 MP: 14/14
  3144 | D:4      | Reached skill level 7 in Unarmed Combat
  3160 | D:4      | Found a staircase to the Ecumenical Temple.
  3171 | Temple   | Entered the Ecumenical Temple
  3289 | Temple   | Became a worshipper of Dithmenos
  3572 | D:4      | Killed Vidiiot's ghost
  3572 | D:4      | Reached skill level 8 in Unarmed Combat
  3659 | D:4      | Found a basalt altar of Yredelemnul.
  3777 | D:4      | Found a deep blue altar of Sif Muna.
  3873 | D:5      | Noticed a hill giant
  3889 | D:5      | Mangled by a hill giant

Action                   |  1- 3 |  4- 6 |  7- 9 || total
-------------------------+-------+-------+-------++-------
Melee: Unarmed           |   110 |   207 |    60 ||   377
 Cast: Beastly Appendage |     1 |     7 |     3 ||    11
 Abil: Spit Poison       |       |       |     2 ||     2
  Use: Potion            |     1 |     1 |       ||     2
       Scroll            |       |     3 |       ||     3
 Stab: Sleeping          |       |     5 |       ||     5
